 Dungeon Crawl Stone Soup version bcrawl-1.23.3 (webtiles) character file.

Game seed: 3317779123724307233

133 Freyura the Twirler (level 4, -2/34 HPs)
             Began as a Demonspawn Gladiator on June 4, 2020.
             Slain by an ogre
             ... wielding a +0 giant spiked club
              (15 damage)
             ... on level 3 of the Dungeon.
             The game lasted 00:04:21 (1957 turns).

Freyura the Twirler (Demonspawn Gladiator)          Turns: 1957, Time: 00:04:22

Health: -2/34      AC:  7    Str: 15    XL:     4   Next: 93%
Magic:  4/4        EV: 13    Int:  9    God:
Gold:   291        SH:  0    Dex: 15    Spells: 3/3 levels left

rFire    . . .     SeeInvis .   a - +1 quarterstaff
rCold    . . .     Gourm    .   (shield currently unavailable)
rNeg     . . .     Faith    .   b - +1 leather armour
rPois    .         Spirit   .   p - +2 helmet
rElec    .         Reflect  .   (no cloak)
rCorr    .         Harm     .   (no gloves)
MR       .....                  (no boots)
Stlth    +.........             (no amulet)
HPRegen  0.11/turn              (no ring)
MPRegen  0.09/turn              (no ring)

@: no status effects
A: hooves 1
a: no special abilities


You were on level 3 of the Dungeon.
You were not hungry.

You visited 1 branch of the dungeon, and saw 3 of its levels.

You collected 291 gold pieces.

Inventory:

Hand Weapons
 a - a +1 quarterstaff (weapon)
Missiles
 d - 3 throwing nets (quivered) {!f}
Armour
 b - a +1 leather armour (worn)
 m - a +0 large shield
 p - a +2 helmet (worn)
Jewellery
 g - an uncursed amulet of the gourmand {unknown}
Scrolls
 c - a scroll of magic mapping {unknown}
 f - a scroll of immolation {unknown}
 h - a scroll of identify
 k - 2 scrolls of remove curse
 r - a scroll of enchant armour
Potions
 i - a potion of haste {unknown}
 j - a potion of curing
 l - 2 potions of lignification {unknown}
 n - 2 potions of mutation {unknown}
 o - 4 potions of degeneration {unknown}
Comestibles
 e - 2 rations {!d}
 q - 2 chunks of flesh


   Skills:
 + Level 2.9 Fighting
 * Level 3.8 Staves
 - Level 1.7 Throwing
 + Level 1.5 Armour
 + Level 3.3 Dodging


You had 3 spell levels left.
You didn't know any spells.
Your spell library was empty.

Dungeon Overview and Level Annotations

Branches:
Dungeon (3/12)

Altars:


Innate Abilities, Weirdness & Mutations

You have large cloven feet.


Message History

No target in view!
No target in view!
No target in view!
No target in view!
No target in view!
No target in view!
No target in view!
You now have 291 gold pieces (gained 19).
Some of the chunks of flesh in your inventory have rotted away.
An ogre comes into view. It is wielding a +0 giant spiked club.
You have encountered a dangerous foe!
The ogre shouts!
The ogre hits you with a +0 giant spiked club!!
Ouch! That really hurt!
You are too injured to fight recklessly!
You are too injured to fight recklessly!
You sock the ogre!
The ogre is moderately wounded.
The ogre hits you with a +0 giant spiked club!
You die...

.....##.##....).....#
##..# #.##.###..##.##
## #.#... #..# .#
......##†.# .#
###...##..# .#
##.###..## # #.#
#...# #.# #..$# #.#@#
#.#O# #.#.# #.#.#
..... ..#.# ###.# #.#


You could see an ogre.

Vanquished Creatures
  A howler monkey (D:3)
  Robin (D:2)
  3 adders (D:2)
  An ooze (D:3)
  A worm (D:1)
  2 dart slugs
  2 leopard geckos (D:2)
  2 orcs
  A giant cockroach (D:2)
  7 goblins
  4 hobgoblins
  4 jackals
  A ball python (D:2)
  4 bats
  3 frilled lizards
  6 kobolds
  2 rats
45 creatures vanquished.

Notes
Turn   | Place    | Note
-------+----------+-------------------------------------------
     0 | D:1      | Freyura the Demonspawn Gladiator began the quest for the
                  | Orb.
     0 | D:1      | Reached XP level 1. HP: 16/16 MP: 1/1
   566 | D:1      | Gained mutation: You have large cloven feet. [demonic
                  | ancestry]
   566 | D:1      | Reached XP level 2. HP: 16/22 MP: 2/2
   966 | D:2      | Noticed Robin
   972 | D:2      | Reached XP level 3. HP: 19/28 MP: 3/3
   978 | D:2      | Killed Robin
   978 | D:2      | Reached skill level 1 in Armour
  1709 | D:3      | Reached XP level 4. HP: 28/34 MP: 4/4
  1953 | D:3      | Noticed an ogre
  1957 | D:3      | Slain by an ogre

Skill      XL: |  1  2  3 |
---------------+----------+-----
Staves         | 3 |  3.8
Armour         | 1 |  1.5
Dodging        | 3 |  3.3
Fighting       | |  2.9
Throwing       | |  1.7

Action                   |  1- 3 |  4- 6 || total
-------------------------+-------+-------++-------
Melee: Quarterstaff      |    76 |    30 ||   106
       Kick              |     5 |     6 ||    11
  Use: Scroll            |     4 |       ||     4
  Eat: Chunk             |     2 |     1 ||     3
Armor: Leather armour    |    30 |    21 ||    51
Dodge: Dodged            |    57 |    43 ||   100
